PIO (24 & UNDER)
SEATTLE RAINIERS @ JASPER COUGARS
08/01/2024
 
TOP OF THE 1ST
Seattle Rainiers batting - Pitching for Jasper Cougars : LHP Jon Vaughn
Pitching: LHP Jon Vaughn
Batting: RHB Edward Melton 0-0: Called Strike
0-1: Swinging Strike
0-2: Strikes out swinging
Batting: RHB Enrique Mendoza 0-0: Ball
1-0: Ground out 5-3 (Groundball, 56)
Batting: RHB Jorge Montoya 0-0: Ball
1-0: Called Strike
1-1: Ball
2-1: Swinging Strike
2-2: Foul Ball, location: 2F
2-2: Ball
3-2: Strikes out swinging
Top of the 1st over - 0 run(s), 0 hit(s), 0 error(s), 0 left on base; Seattle 0 - Jasper 0
BOTTOM OF THE 1ST
Jasper Cougars batting - Pitching for Seattle Rainiers : RHP Jeff Alexander
Pitching: RHP Jeff Alexander
Batting: LHB Armando Torres 0-0: SINGLE (Line Drive, 34D)
Batting: LHB António Camacho 0-0: Ball
1-0: Fielders Choice at 2nd, 6-4 (Groundball, 6M)
Batting: SHB Ron Edwards 0-0: Ball
1-0: Called Strike
1-1: Ball
2-1: Ball
3-1: Base on Balls
António Camacho to second
Batting: SHB Martín Cruz 0-0: Ball
1-0: Foul Ball, location: 2F
1-1: Swinging Strike
1-2: Strikes out swinging
Batting: SHB Rafael Acosta 0-0: Ball
1-0: Foul Ball, location: 2F
1-1: Foul Ball, location: 2F
1-2: Strikes out swinging
Bottom of the 1st over - 0 run(s), 1 hit(s), 0 error(s), 2 left on base; Seattle 0 - Jasper 0
TOP OF THE 2ND
Seattle Rainiers batting - Pitching for Jasper Cougars : LHP Jon Vaughn
Batting: LHB Brian Boone 0-0: Ball
1-0: Ball
2-0: Ball
3-0: Called Strike
3-1: Ground out 2-3 (Groundball, 2L)
Batting: SHB Nick Cox 0-0: Called Strike
0-1: Ball
1-1: Ball
2-1: Foul Ball, location: 2F
2-2: SINGLE (Flyball, 4MD)
Batting: RHB Roberto Pérez 0-0: Called Strike
0-1: Ball
1-1: Fly out, F8 (Flyball, 8RM)
Batting: RHB Doug Williams 0-0: Fielders Choice at 2nd, 6-4 (Groundball, 6)
Top of the 2nd over - 0 run(s), 1 hit(s), 0 error(s), 0 left on base; Seattle 0 - Jasper 0
BOTTOM OF THE 2ND
Jasper Cougars batting - Pitching for Seattle Rainiers : RHP Jeff Alexander
Batting: LHB John Stone 0-0: Ball
1-0: Ball
2-0: SINGLE (Flyball, 7LS)
Batting: RHB Bob Cole 0-0: Called Strike
0-1: Ball
1-1: Called Strike
1-2: Ball
2-2: Ball
3-2: Foul Ball, location: 2F
3-2: Foul Ball, location: 2F
3-2: Base on Balls
John Stone to second
Batting: RHB George Reeves 0-0: Ball
1-0: Ball
2-0: Ball
3-0: Called Strike
3-1: SINGLE (Line Drive, 3D)
John Stone to third
Bob Cole to second
Runner from 3rd tries for Home, SAFE, no throw or cutoff
Batting: RHB Joe Baker 0-0: Called Strike
0-1: Ball
1-1: Foul Ball, location: 2F
1-2: Ball
2-2: Ball
3-2: Fly out, F4 (Popup, 3D)
Batting: LHB Armando Torres 0-0: Called Strike
0-1: SINGLE (Line Drive, 4MD)
Bob Cole to third
George Reeves to second
Batting: LHB António Camacho 0-0: Grounds into double play, 4-6-3 (Groundball, 4)
Bottom of the 2nd over - 1 run(s), 3 hit(s), 0 error(s), 2 left on base; Seattle 0 - Jasper 1
TOP OF THE 3RD
Seattle Rainiers batting - Pitching for Jasper Cougars : LHP Jon Vaughn
Batting: RHB Reynaldo Slomp 0-0: Called Strike
0-1: Fly out, F7 (Flyball, 7M)
Batting: RHB Jacob Hill 0-0: Ball
1-0: Foul Ball, location: 2F
1-1: Ball
2-1: Ball
3-1: Foul Ball, location: 2F
3-2: Foul Ball, location: 2F
3-2: Foul Ball, location: 2F
3-2: Strikes out looking
Batting: RHB Edward Melton 0-0: Foul Ball, location: 2F
0-1: Foul Ball, location: 2F
0-2: Strikes out swinging
Top of the 3rd over - 0 run(s), 0 hit(s), 0 error(s), 0 left on base; Seattle 0 - Jasper 1
BOTTOM OF THE 3RD
Jasper Cougars batting - Pitching for Seattle Rainiers : RHP Jeff Alexander
Batting: SHB Ron Edwards 0-0: Ball
1-0: Ball
2-0: Ball
3-0: Called Strike
3-1: Fly out, F5 (Popup, 25F)
Batting: SHB Martín Cruz 0-0: Ball
1-0: Called Strike
1-1: Ball
2-1: Foul Ball, location: 2F
2-2: Ball
3-2: Strikes out swinging
Batting: SHB Rafael Acosta 0-0: Foul Ball, location: 2F
0-1: Swinging Strike
0-2: Ground out 4-3 (Groundball, 4)
Bottom of the 3rd over - 0 run(s), 0 hit(s), 0 error(s), 0 left on base; Seattle 0 - Jasper 1
TOP OF THE 4TH
Seattle Rainiers batting - Pitching for Jasper Cougars : LHP Jon Vaughn
Batting: RHB Enrique Mendoza 0-0: Foul Ball, location: 2F
0-1: Fly out, F8 (Flyball, 8LM)
Batting: RHB Jorge Montoya 0-0: Ball
1-0: Fly out, F8 (Flyball, 8RM)
Batting: LHB Brian Boone 0-0: Called Strike
0-1: Foul Ball, location: 2F
0-2: Ball
1-2: Ball
2-2: Ground out 4-3 (Groundball, 4)
Top of the 4th over - 0 run(s), 0 hit(s), 0 error(s), 0 left on base; Seattle 0 - Jasper 1
BOTTOM OF THE 4TH
Jasper Cougars batting - Pitching for Seattle Rainiers : RHP Jeff Alexander
Batting: LHB John Stone 0-0: Called Strike
0-1: Ground out 3-1 (Groundball, 34)
Batting: RHB Bob Cole 0-0: Ball
1-0: Called Strike
1-1: Ball
2-1: Foul Ball, location: 2F
2-2: Strikes out swinging
Batting: RHB George Reeves 0-0: Ground out 6-3 (Groundball, 6S)
Bottom of the 4th over - 0 run(s), 0 hit(s), 0 error(s), 0 left on base; Seattle 0 - Jasper 1
TOP OF THE 5TH
Seattle Rainiers batting - Pitching for Jasper Cougars : LHP Jon Vaughn
Batting: SHB Nick Cox 0-0: Foul Ball, location: 2F
0-1: SINGLE (Line Drive, 34D)
Batting: RHB Roberto Pérez 0-0: Ball
1-0: Ball
2-0: Called Strike
2-1: SINGLE (Groundball, 56D)
Nick Cox to second
Batting: RHB Doug Williams 0-0: Ball
1-0: Ball
2-0: Ball
3-0: Called Strike
3-1: Base on Balls
Nick Cox to third
Roberto Pérez to second
Batting: RHB Reynaldo Slomp 0-0: Called Strike
0-1: SINGLE (Line Drive, 89S)
Nick Cox scores
Roberto Pérez to third
Doug Williams to second
Batting: RHB Jacob Hill 0-0: Swinging Strike
0-1: Ball
1-1: Fly out, F8 (Flyball, 8RD)
Runner from 3rd tags up, SCORES, no throw
Doug Williams to third
Batting: RHB Edward Melton 0-0: Ball
1-0: SINGLE (Groundball, 6D)
Doug Williams scores
Reynaldo Slomp to second
Batting: RHB Enrique Mendoza 0-0: Ball
1-0: Ground out U3 (Groundball, 3S)
Reynaldo Slomp to third
Edward Melton to second
Batting: RHB Jorge Montoya 0-0: Called Strike
0-1: Ball
1-1: Foul Ball, location: 2F
1-2: Strikes out looking
Top of the 5th over - 3 run(s), 4 hit(s), 0 error(s), 2 left on base; Seattle 3 - Jasper 1
BOTTOM OF THE 5TH
Jasper Cougars batting - Pitching for Seattle Rainiers : RHP Jeff Alexander
Batting: RHB Joe Baker 0-0: Ground out 4-3 (Groundball, 4M)
Batting: LHB Armando Torres 0-0: Ball
1-0: SINGLE (Flyball, 7S)
Batting: LHB António Camacho 0-0: Ball
1-0: Swinging Strike
1-1: Fly out, F7 (Flyball, 8LM)
Batting: SHB Ron Edwards 0-0: Fly out, F9 (Flyball, 89M)
Bottom of the 5th over - 0 run(s), 1 hit(s), 0 error(s), 1 left on base; Seattle 3 - Jasper 1
TOP OF THE 6TH
Seattle Rainiers batting - Pitching for Jasper Cougars : LHP Jon Vaughn
Batting: LHB Brian Boone 0-0: Swinging Strike
0-1: Called Strike
0-2: Foul Ball, location: 2F
0-2: Strikes out looking
Batting: SHB Nick Cox 0-0: Ball
1-0: Ball
2-0: Ball
3-0: Base on Balls
Batting: RHB Roberto Pérez 0-0: Foul Ball, location: 2F
0-1: Ball
1-1: Ball
2-1: Fly out, F8 (Popup, 4MD)
Batting: RHB Doug Williams 0-0: Ball
1-0: Foul Ball, location: 2F
1-1: Swinging Strike
1-2: Ball
2-2: Foul Ball, location: 2F
2-2: Ball
3-2: Base on Balls
Nick Cox to second
Pitching: RHP Andrés Ruíz
Batting: RHB Reynaldo Slomp 0-0: Foul Ball, location: 2F
0-1: Foul Ball, location: 2F
0-2: Ground out 6-3 (Groundball, 56)
Top of the 6th over - 0 run(s), 0 hit(s), 0 error(s), 2 left on base; Seattle 3 - Jasper 1
BOTTOM OF THE 6TH
Jasper Cougars batting - Pitching for Seattle Rainiers : RHP Jeff Alexander
Batting: SHB Martín Cruz 0-0: Called Strike
0-1: Fly out, F6 (Popup, 5)
Batting: SHB Rafael Acosta 0-0: Ground out 6-3 (Groundball, 6M)
Batting: LHB John Stone 0-0: Ball
1-0: Ball
2-0: SINGLE (Groundball, 56)
Batting: RHB Bob Cole 0-0: Ball
1-0: Called Strike
1-1: Ground out 5-3 (Groundball, 5)
Bottom of the 6th over - 0 run(s), 1 hit(s), 0 error(s), 1 left on base; Seattle 3 - Jasper 1
TOP OF THE 7TH
Seattle Rainiers batting - Pitching for Jasper Cougars : RHP Andrés Ruíz
Batting: RHB Jacob Hill 0-0: Foul Ball, location: 2F
0-1: Foul Ball, location: 2F
0-2: Foul Ball, location: 2F
0-2: Foul Ball, location: 2F
0-2: Ball
1-2: Ball
2-2: Strikes out swinging
Batting: RHB Edward Melton 0-0: Called Strike
0-1: Foul Ball, location: 2F
0-2: Ball
1-2: Ball
2-2: Ball
3-2: Strikes out swinging
Batting: RHB Enrique Mendoza 0-0: SINGLE (Groundball, 6MD)
Batting: RHB Jorge Montoya 0-0: Fly out, F5 (Popup, 25F)
Top of the 7th over - 0 run(s), 1 hit(s), 0 error(s), 1 left on base; Seattle 3 - Jasper 1
BOTTOM OF THE 7TH
Jasper Cougars batting - Pitching for Seattle Rainiers : RHP Jeff Alexander
Batting: RHB George Reeves 0-0: Called Strike
0-1: Ball
1-1: Ball
2-1: Ball
3-1: Called Strike
3-2: Strikes out looking
Pitching: RHP Lúcio Feliciano
Batting: RHB Joe Baker 0-0: Ball
1-0: Called Strike
1-1: Ball
2-1: Foul Ball, location: 2F
2-2: Ball
3-2: Foul Ball, location: 2F
3-2: Foul Ball, location: 2F
3-2: Foul Ball, location: 2F
3-2: Ground out 1-3 (Groundball, 15)
Batting: LHB Armando Torres 0-0: SINGLE (Groundball, 3D)
Batting: LHB António Camacho 0-0: Called Strike
0-1: Ball
Throwing error on steal attempt, E2
Armando Torres to third
1-1: Called Strike
1-2: Foul Ball, location: 2F
1-2: Ball
2-2: Foul Ball, location: 2F
2-2: Strikes out swinging
Bottom of the 7th over - 0 run(s), 1 hit(s), 1 error(s), 1 left on base; Seattle 3 - Jasper 1
TOP OF THE 8TH
Seattle Rainiers batting - Pitching for Jasper Cougars : RHP Andrés Ruíz
Batting: LHB Brian Boone 0-0: Called Strike
0-1: Called Strike
0-2: Ball
1-2: Strikes out swinging
Batting: SHB Nick Cox 0-0: Ball
1-0: Called Strike
1-1: Ball
2-1: Ball
3-1: Called Strike
3-2: SINGLE (Line Drive, 8RS)
Pitching: RHP José Orozco
Batting: RHB Roberto Pérez 0-0: Fly out, F9 (Flyball, 9M)
Batting: RHB Doug Williams 0-0: Ball
1-0: Called Strike
1-1: Ball
2-1: Swinging Strike
2-2: Ball
3-2: Base on Balls
Nick Cox to second
Pinch Hitting: SHB Vicente Pagán 0-0: Ball
1-0: Ball
2-0: Ground out U3 (Groundball, 3S)
Top of the 8th over - 0 run(s), 1 hit(s), 0 error(s), 2 left on base; Seattle 3 - Jasper 1
BOTTOM OF THE 8TH
Jasper Cougars batting - Pitching for Seattle Rainiers : RHP Lúcio Feliciano
Now at SS: Jorge Colón
Batting: SHB Ron Edwards 0-0: Called Strike
0-1: Ground out 2-3 (Groundball, 2L)
Batting: SHB Martín Cruz 0-0: Called Strike
0-1: Ball
1-1: Ground out 4-3 (Groundball, 4)
Batting: SHB Rafael Acosta 0-0: Called Strike
0-1: Called Strike
0-2: Ground out 4-3 (Groundball, 4)
Bottom of the 8th over - 0 run(s), 0 hit(s), 0 error(s), 0 left on base; Seattle 3 - Jasper 1
TOP OF THE 9TH
Seattle Rainiers batting - Pitching for Jasper Cougars : RHP José Orozco
Pitching: LHP Júlio Aguilar
Batting: RHB Jacob Hill 0-0: Called Strike
0-1: SINGLE (Line Drive, 9LS)
Batting: RHB Edward Melton 0-0: Foul Ball, location: 2F
0-1: Foul Ball, location: 2F
0-2: Strikes out looking
Batting: RHB Enrique Mendoza 0-0: Ball
1-0: DOUBLE (Flyball, 8LXD)
Jacob Hill to third
Batting: RHB Jorge Montoya 0-0: Fly out, F9 (Line Drive, 9M)
Runner from 3rd tags up, SCORES, throw made
Batting: LHB Brian Boone 0-0: Ball
1-0: Called Strike
1-1: Foul Ball, location: 2F
1-2: Strikes out swinging
Top of the 9th over - 1 run(s), 2 hit(s), 0 error(s), 1 left on base; Seattle 4 - Jasper 1
BOTTOM OF THE 9TH
Jasper Cougars batting - Pitching for Seattle Rainiers : RHP Lúcio Feliciano
Pitching: RHP Jim Thompson
Batting: LHB John Stone 0-0: Ball
1-0: Foul Ball, location: 2F
1-1: Hit by Pitch
Batting: RHB Bob Cole 0-0: Fly out, F8 (Flyball, 8RM)
Batting: RHB George Reeves 0-0: Called Strike
0-1: Swinging Strike
0-2: Ball
1-2: Strikes out looking
Batting: RHB Joe Baker 0-0: Ball
1-0: Called Strike
1-1: Swinging Strike
1-2: Strikes out looking
Bottom of the 9th over - 0 run(s), 0 hit(s), 0 error(s), 1 left on base; Seattle 4 - Jasper 1
This league is powered by Out of the Park Baseball, the baseball management simulation game for PC, Mac and Linux
Saturday, April 9th, 2016 - OOTP Baseball 16.8 Build 38